[Event "Titled Tuesday Blitz January 17 Late 2023"]
[White "Musovic, Armin"]
[Black "Yuan, Qingyu"]
[WhiteFideId "939935"]
[BlackFideId "8609772"]
[WhiteElo "2261"]
[BlackElo "2373"]
[Result "1/2-1/2"]
[Round "02"]
[TimeControl "180+2"]
[Date "2023.01.17"]
[WhiteClock "0:00:13"]
[BlackClock "0:00:04"]

1. e4 e5 2. Nf3 Nc6 3. Nc3 Nf6 4. Bb5 Nd4 5. Nxd4 exd4 6. e5 dxc3 7. exf6 Qxf6 8. dxc3 Qe5+ 9. Qe2 Qxe2+ 10. Bxe2 Bc5 11. O-O O-O 12. Bf4 d6 13. b4 Bb6 14. Bf3 a5 15. a3 Ra7 16. Be4 Be6 17. b5 a4 18. Rfe1 h6 19. Bd3 Re8 20. Kf1 Kf8 21. Rab1 Raa8 22. Be3 Ba2 23. Rb2 Bxe3 24. Rxe3 Rxe3 25. fxe3 Bd5 26. c4 Be6 27. Ke2 b6 28. Rb4 d5 29. cxd5 Bxd5 30. Be4 Bxe4 31. Rxe4 Ra5 32. Rb4 Ke7 33. Kd3 Kd6 34. Kc4 Ra8 35. Kd4 Ke6 36. Kc3 Kd5 37. Rf4 f6 38. Kb4 Re8 39. Rd4+ Ke6 40. Kxa4 Re7 41. Kb4 Kf5 42. Rd3 Re4+ 43. c4 Ke6 44. a4 h5 45. a5 bxa5+ 46. Kc5 a4 47. Ra3 Kd7 48. Rxa4 Rxe3 49. Ra8 Re5+ 50. Kb4 Re2 51. g3 Rxh2 52. Rg8 g5 53. Rg7+ Kd8 54. Kc5 Rc2 55. Kd5 Rd2+ 56. Kc6 Rd6+ 57. Kc5 Re6 58. Rh7 Re3 59. Kd5 Re5+ 60. Kd4 h4 61. gxh4 gxh4 62. Rxh4 Rf5 63. Rh8+ Kd7 64. Rh7+ Kd6 65. Rf7 Rf4+ 66. Kc3 Rf1 67. Rf8 Rc1+ 68. Kd4 Rd1+ 69. Kc3 Rf1 70. Rd8+ Kc5 71. Rd5+ Kb6 72. Rd7 Rc1+ 73. Kb4 Rb1+ 74. Ka4 f5 75. Rf7 Rf1 76. Rf6+ Kb7 77. c5 f4 78. Rf7 Kb8 79. Rf8+ Kb7 80. Rf7 Kb8 81. Rf8+ Ka7 82. Rf7 Kb8 1/2-1/2


[Site "https://www.chess.com"]

[Event "Titled Tuesday Blitz January 17 Late 2023"]
[White "Martinez Reyes, Pedro Ramon"]
[Black "Nasuta, Grzegorz"]
[WhiteFideId "3901807"]
[BlackFideId "1141686"]
[WhiteElo "2376"]
[BlackElo "2552"]
[Result "0-1"]
[Round "02"]
[TimeControl "180+2"]
[Date "2023.01.17"]
[WhiteClock "0:00:18"]
[BlackClock "0:00:12"]

1. e4 c5 2. Nf3 e6 3. c3 Nf6 4. e5 Nd5 5. b4 cxb4 6. c4 Nb6 7. d4 Be7 8. Bd3 O-O 9. Qe2 f6 10. exf6 Bxf6 11. Qe4 g6 12. h4 d5 13. cxd5 exd5 14. Qe2 Bg4 15. Be3 Nc6 16. Nbd2 Nxd4 17. Bxd4 Bxd4 18. O-O-O Qc7+ 19. Kb1 Qc3 20. Nb3 Rae8 21. Qd2 Qxd2 22. Rxd2 Bc3 23. Rdd1 Bg7 24. Rde1 Na4 25. Rxe8 Rxe8 26. Nfd4 Nc3+ 27. Kc2 Rc8 28. Kd2 Bh6+ 29. Ke1 Nxa2 30. f3 Bd7 31. Kf2 Nc1 32. Bc2 Rxc2+ 33. Nxc2 Nxb3 34. Nxb4 d4 35. Nd5 Be6 36. Nc7 Bc4 37. g4 Be3+ 38. Kg3 d3 39. h5 d2 40. hxg6 hxg6 41. Ne8 Be2 42. Nf6+ Kf7 43. Nd5 Bd4 44. Rh7+ Ke6 45. Nf4+ Kd6 46. Nxe2 d1=Q 47. Rh2 g5 48. Rh6+ Kc5 49. f4 Qxe2 50. fxg5 Bf2+ 51. Kg2 Bh4+ 52. Kh3 Bxg5 53. Rh5 Qe3+ 54. Kh2 Nd4 55. Kh1 Qf3+ 56. Kh2 Kc4 57. Rh3 Bf4+ 58. Kg1 Ne2# 0-1


[Site "https://www.chess.com"]

[Event "Titled Tuesday Blitz January 17 Late 2023"]
[White "Nazari, Arad"]
[Black "Fisher_TheGalactic"]
[WhiteFideId "12577324"]
[WhiteElo "2367"]
[BlackElo "2537"]
[Result "0-1"]
[Round "02"]
[TimeControl "180+2"]
[Date "2023.01.17"]
[WhiteClock "0:00:10"]
[BlackClock "0:00:35"]

1. e4 e6 2. d4 d5 3. Nd2 dxe4 4. Nxe4 Nd7 5. Nf3 Ngf6 6. Bd3 Nxe4 7. Bxe4 Nf6 8. Bd3 c5 9. c3 cxd4 10. Nxd4 Bc5 11. Be3 Qe7 12. O-O O-O 13. Qc2 e5 14. Nf5 Bxf5 15. Bxf5 Bxe3 16. fxe3 Rad8 17. Rad1 Rxd1 18. Rxd1 Rd8 19. h3 g6 20. Bd3 Qc5 21. Qf2 Ne4 22. Qf3 Ng5 23. Qg3 Ne6 24. Kh2 Kg7 25. Bc2 Rxd1 26. Bxd1 Qd6 27. Bb3 Nc5 28. Bc4 Ne4 29. Qf3 f5 30. Kg1 Qb6 31. Qe2 f4 32. Bd5 Ng3 33. Qf2 Qd6 34. exf4 exf4 35. Qd4+ Kh6 36. Bf3 Qxd4+ 37. cxd4 b6 38. Kf2 Kg5 39. Bg4 h5 40. Bc8 Nf5 41. d5 Nd6 42. Be6 Kf6 43. Kf3 Ke5 44. h4 Ne4 45. Bf7 g5 46. Bxh5 gxh4 47. Bf7 Ng5+ 48. Kg4 Nxf7 49. Kxh4 Kxd5 50. Kg4 Ke4 51. b4 Ne5+ 52. Kg5 Nc6 53. a3 Nd4 54. a4 Nc2 55. a5 Nxb4 56. axb6 axb6 57. Kf6 Nd5+ 58. Ke6 b5 0-1


[Site "https://www.chess.com"]

[Event "Titled Tuesday Blitz January 17 Late 2023"]
[White "Winterberg, Lukas"]
[Black "Tanenbaum, Zachary"]
[WhiteFideId "24622702"]
[BlackFideId "2060850"]
[WhiteElo "2402"]
[BlackElo "2261"]
[Result "0-1"]
[Round "02"]
[TimeControl "180+2"]
[Date "2023.01.17"]
[WhiteClock "0:00:36"]
[BlackClock "0:00:58"]

1. c4 e5 2. g3 Nc6 3. Bg2 Nf6 4. Nc3 Bc5 5. e3 O-O 6. Nge2 Re8 7. d3 d6 8. O-O Bb6 9. b3 Ne7 10. Bb2 c6 11. h3 Ng6 12. Qd2 d5 13. cxd5 cxd5 14. Rac1 Ba5 15. Qc2 Bf5 16. Rfd1 Qd7 17. Kh2 Rac8 18. Qb1 Bc7 19. e4 Be6 20. exd5 Nxd5 21. Nxd5 Bxd5 22. Bxd5 Qxd5 23. Nc3 Qf3 24. Rd2 Nf4 25. Rg1 Nxh3 26. Rf1 Nf4 27. gxf4 Qxf4+ 28. Kh1 Qxd2 29. Ne4 Qh6+ 30. Kg2 Qg6+ 31. Kf3 f5 32. Ng3 Qg4+ 33. Kg2 f4 34. Rh1 fxg3 35. f3 Qg6 0-1


[Site "https://www.chess.com"]

[Event "Titled Tuesday Blitz January 17 Late 2023"]
[White "Sokolovsky, Yahli"]
[Black "Arenas, David"]
[WhiteFideId "2820242"]
[BlackFideId "4403177"]
[WhiteElo "2461"]
[BlackElo "2426"]
[Result "1-0"]
[Round "02"]
[TimeControl "180+2"]
[Date "2023.01.17"]
[WhiteClock "0:00:07"]
[BlackClock "0:00:26"]

1. b3 e5 2. Bb2 Nc6 3. e3 Nf6 4. Nf3 Bd6 5. d4 exd4 6. exd4 O-O 7. Be2 Re8 8. O-O Bf8 9. d5 Nb8 10. c4 d6 11. Nbd2 Bf5 12. Nd4 Bg6 13. N2f3 Nbd7 14. Nh4 a5 15. Nxg6 hxg6 16. Bd3 Nc5 17. Bc2 Nfd7 18. Qf3 Be7 19. Rae1 Bf6 20. Qg3 Nf8 21. Ba1 Qd7 22. h4 Rxe1 23. Rxe1 Re8 24. Rd1 Qe7 25. h5 Bxd4 26. Bxd4 Qe2 27. Qc3 Ne4 28. Qb2 gxh5 29. f3 Ng3 30. Bf2 h4 31. Qc3 Ng6 32. Re1 Qxe1+ 33. Qxe1 Rxe1+ 34. Bxe1 Nf4 35. Kf2 g5 36. Bxa5 b6 37. Bd2 Kg7 38. b4 Kf6 39. Bc3+ Ke7 40. a4 Nh1+ 41. Kg1 Ne2+ 42. Kxh1 Nxc3 43. a5 bxa5 44. bxa5 Kd7 45. Bf5+ Kd8 46. a6 Na4 47. a7 Nb6 48. Kh2 c5 49. dxc6 Kc7 50. Be4 f5 51. Bd5 Na8 52. Kg1 Nb6 53. Kf2 g4 54. fxg4 fxg4 55. Ke3 h3 56. gxh3 gxh3 57. Kf3 h2 58. Kg2 Na8 59. Kxh2 Nb6 60. Kg2 Na8 61. Kf3 Nb6 62. Ke4 Na8 63. Kd4 Nb6 64. Kc3 Nc8 65. a8=Q Na7 66. Qxa7+ 1-0


[Site "https://www.chess.com"]

[Event "Titled Tuesday Blitz January 17 Late 2023"]
[White "Principe, Gerson"]
[Black "Djordjevic, Vuk"]
[WhiteFideId "3804550"]
[BlackFideId "902098"]
[WhiteElo "2226"]
[BlackElo "2375"]
[Result "0-1"]
[Round "02"]
[TimeControl "180+2"]
[Date "2023.01.17"]
[WhiteClock "0:00:03"]
[BlackClock "0:00:08"]

1. d4 Nf6 2. Nf3 e6 3. c4 b6 4. g3 Ba6 5. Qc2 d5 6. cxd5 exd5 7. Nc3 Be7 8. Bg2 O-O 9. O-O Re8 10. Re1 Bb7 11. Bf4 Na6 12. Rad1 Bd6 13. Ne5 c6 14. e4 Rc8 15. Qb1 Nc7 16. Nxf7 Kxf7 17. Bxd6 Qxd6 18. e5 Qd8 19. exf6 g6 20. Re3 Re6 21. Bh3 Rxe3 22. Bxc8 Rxc3 23. Bxb7 Rf3 24. Qc2 Rxf6 25. Bxc6 b5 26. a4 a6 27. axb5 axb5 28. Rc1 Qd6 29. Qb3 Kg7 30. Bxb5 Qb6 31. Ba4 Qa7 32. Rd1 Ne6 33. Qb4 Ng5 34. Kg2 Qf7 35. f4 Ne6 36. Bb3 g5 37. Bxd5 Nxf4+ 38. gxf4 Qxd5+ 39. Kg1 Rxf4 40. Qe7+ Kg6 41. Qe8+ Kh6 0-1


[Site "https://www.chess.com"]

[Event "Titled Tuesday Blitz January 17 Late 2023"]
[White "Leitao, Rafael"]
[Black "Kaplan, Avi Harrison"]
[WhiteFideId "2101246"]
[BlackFideId "30934559"]
[WhiteElo "2592"]
[BlackElo "2146"]
[Result "1-0"]
[Round "02"]
[TimeControl "180+2"]
[Date "2023.01.17"]
[WhiteClock "0:00:21"]
[BlackClock "0:00:03"]

1. c4 c5 2. Nc3 Nc6 3. g3 d6 4. Bg2 e5 5. d3 f5 6. Nf3 Be7 7. a3 h6 8. b4 Nf6 9. bxc5 dxc5 10. Rb1 O-O 11. O-O Qc7 12. Nd5 Nxd5 13. cxd5 Nd4 14. Nd2 a6 15. a4 f4 16. e3 Nf5 17. Nc4 Bd7 18. exf4 b5 19. Nxe5 bxa4 20. Re1 Bd6 21. Bh3 Rab8 22. Rxb8 Rxb8 23. Nxd7 Qxd7 24. Ba3 Rb3 25. Qc1 Qf7 26. Bxc5 Bxc5 27. Qxc5 g6 28. d6 Rxd3 29. Qc8+ Kg7 30. Bxf5 Qxf5 31. Re7+ Kf6 32. Qf8# 1-0


[Site "https://www.chess.com"]

[Event "Titled Tuesday Blitz January 17 Late 2023"]
[White "Jovic, Stanoje"]
[Black "Timmermans, Mark"]
[WhiteFideId "905020"]
[BlackFideId "1026399"]
[WhiteElo "2075"]
[BlackElo "2392"]
[Result "0-1"]
[Round "02"]
[TimeControl "180+2"]
[Date "2023.01.17"]
[WhiteClock "0:00:08"]
[BlackClock "0:00:19"]

1. c4 Nf6 2. g3 e6 3. Bg2 d5 4. Nf3 Be7 5. O-O O-O 6. d4 dxc4 7. Ne5 Nc6 8. Bxc6 bxc6 9. Nxc6 Qe8 10. Nxe7+ Qxe7 11. Na3 c5 12. Nxc4 Rd8 13. b3 Rxd4 14. Qc2 Ba6 15. Bb2 Rd7 16. Ne5 Rd5 17. Rfd1 Rad8 18. f3 h6 19. Kf2 Qc7 20. e4 Rxd1 21. Rxd1 Rxd1 22. Qxd1 Qa5 23. a3 c4 24. b4 Qc7 25. Bc3 Bb5 26. Qd4 a6 27. g4 Ne8 28. a4 Bxa4 29. Qxc4 Qd6 30. Qd4 f6 31. Qxd6 Nxd6 32. Nd3 e5 33. Nc5 Bb5 34. Ke3 Kf7 35. f4 Nc4+ 36. Kf3 exf4 37. Kxf4 g5+ 38. Kf3 Ke7 39. Kg3 Ne3 40. h4 Kf7 41. hxg5 hxg5 42. e5 Nd5 43. Bd2 fxe5 44. Bxg5 Nxb4 45. Bd2 Nd5 46. g5 Kg6 47. Ne4 Kf5 48. Nd6+ Ke6 49. Ne4 Bc4 50. Nf6 Ne7 51. Ne4 Kd5 52. Kf3 Bd3 53. Nf6+ Kc4 54. Bc1 a5 55. Bb2 Ng6 56. Ng4 Kd5 57. Nf6+ Ke6 58. Ne4 Kf5 59. Nc5 Bb5 60. Bc1 a4 61. Ne4 Bc6 62. Ke3 Bxe4 63. Ba3 Bc6 64. Bb4 Kxg5 65. Bc3 Kf5 66. Bb4 Nf4 67. Ba3 Nd5+ 0-1


[Site "https://www.chess.com"]

[Event "Titled Tuesday Blitz January 17 Late 2023"]
[White "Wieczorek, Oskar"]
[Black "Khandelwal, Ankush"]
[WhiteFideId "1133950"]
[BlackFideId "413470"]
[WhiteElo "2512"]
[BlackElo "2205"]
[Result "1-0"]
[Round "02"]
[TimeControl "180+2"]
[Date "2023.01.17"]
[WhiteClock "0:00:41"]
[BlackClock "0:00:04"]

1. e4 c5 2. Nf3 d6 3. d4 cxd4 4. Nxd4 Nf6 5. Nc3 a6 6. Be2 e5 7. Nf3 Be7 8. Bg5 Be6 9. Bxf6 Bxf6 10. O-O O-O 11. Nd5 Nd7 12. Bc4 Rc8 13. Qe2 b5 14. Bb3 Nc5 15. Rfd1 Bxd5 16. Bxd5 Qc7 17. c3 g6 18. g3 Kg7 19. Kg2 Bd8 20. Rac1 Qe7 21. b4 Ne6 22. a4 Rb8 23. axb5 axb5 24. Ra1 Bb6 25. Qa2 Rfc8 26. Rd3 Rc7 27. Rad1 Nf8 28. h4 Nd7 29. Ng5 Rf8 30. Qa6 h6 31. Nf3 Rb8 32. Qa2 f5 33. Qe2 Nf6 34. Nd2 Rbc8 35. Qf3 f4 36. Bb3 fxg3 37. fxg3 Rf8 38. Qe2 Nh5 39. Nf3 Rf6 40. Qd2 Rc8 41. Rxd6 Rxf3 42. Kxf3 Rf8+ 43. Kg2 Kh8 44. Rxb6 1-0


[Site "https://www.chess.com"]

[Event "Titled Tuesday Blitz January 17 Late 2023"]
[White "Perez Perez, Gabriel"]
[Black "Bazeev, German"]
[WhiteFideId "32089147"]
[BlackFideId "24119350"]
[WhiteElo "2185"]
[BlackElo "2369"]
[Result "0-1"]
[Round "02"]
[TimeControl "180+2"]
[Date "2023.01.17"]
[WhiteClock "0:00:02"]
[BlackClock "0:00:13"]

1. d4 Nf6 2. Nf3 b6 3. c4 e6 4. g3 Bb7 5. Bg2 Bb4+ 6. Bd2 c5 7. Bxb4 cxb4 8. O-O a5 9. Nbd2 O-O 10. d5 exd5 11. Nh4 Na6 12. Nb3 Nc5 13. cxd5 Re8 14. Nf5 Qb8 15. Rc1 Qe5 16. Nxc5 bxc5 17. Ne3 Ba6 18. Rxc5 Qxb2 19. Qc2 Qxc2 20. Rxc2 Ne4 21. Bxe4 Rxe4 22. Rfc1 g6 23. Kg2 Rd4 24. Rc7 Bb5 25. Kf3 Rd2 26. R1c2 Bxe2+ 27. Kf4 Rxc2 28. Nxc2 Bd3 29. Ke3 Bf5 30. Kd4 h5 31. f3 Kg7 32. d6 Ra6 33. Ke5 f6+ 34. Kd5 Be6+ 35. Kc5 Bxa2 36. Rxd7+ Kf8 37. Nd4 Ra8 38. Nc6 Be6 39. Rb7 a4 40. Ne7 a3 41. Nxg6+ Ke8 42. Re7+ Kd8 43. Rxe6 a2 44. Ne7 Ra6 45. Nc6+ Rxc6+ 46. Kxc6 a1=Q 47. d7 Qc3+ 48. Kd6 Qd3+ 0-1


[Site "https://www.chess.com"]

[Event "Titled Tuesday Blitz January 17 Late 2023"]
[White "Milikow, Yoav"]
[Black "Urbina Perez, Juan Antonio"]
[WhiteFideId "2822237"]
[BlackFideId "2217368"]
[WhiteElo "2394"]
[BlackElo "2266"]
[Result "1-0"]
[Round "02"]
[TimeControl "180+2"]
[Date "2023.01.17"]
[WhiteClock "0:00:41"]
[BlackClock "0:00:08"]

1. d4 d5 2. c4 e6 3. Nc3 Nf6 4. cxd5 exd5 5. Bg5 Nbd7 6. e3 Be7 7. Bd3 c6 8. h3 Ne4 9. Bf4 Ndf6 10. Nge2 O-O 11. O-O Re8 12. Qc2 Bd6 13. Bxd6 Nxd6 14. Ng3 a5 15. a3 Qe7 16. b4 axb4 17. axb4 Rxa1 18. Rxa1 b5 19. Qb3 Nc4 20. Ra8 Be6 21. Ra6 Bd7 22. Kh2 g6 23. Ra7 Qd6 24. Bxc4 dxc4 25. Qa3 Kg7 26. Qa5 Rc8 27. Kg1 Be6 28. Rb7 Rb8 29. Nce4 Nxe4 30. Nxe4 Qd8 31. Rc7 Rc8 32. Rxc8 Qxa5 33. bxa5 Bxc8 34. Kf1 b4 35. Ke2 Kf8 36. Nc5 b3 37. Kd2 Ke7 38. a6 Bxa6 39. Nxa6 f5 40. Nc5 Kd6 41. Kc3 Kd5 42. f3 g5 43. e4+ fxe4 44. fxe4+ Kd6 45. Na4 c5 46. Nxc5 h5 47. Na4 g4 48. Kxc4 1-0


[Site "https://www.chess.com"]

[Event "Titled Tuesday Blitz January 17 Late 2023"]
[White "Pesotskiy, Mikhail"]
[Black "Boyer, Mahel"]
[WhiteFideId "34164453"]
[BlackFideId "45102422"]
[WhiteElo "2153"]
[BlackElo "2489"]
[Result "1-0"]
[Round "02"]
[TimeControl "180+2"]
[Date "2023.01.17"]
[WhiteClock "0:00:18"]
[BlackClock "0:00:06"]

1. d4 d6 2. c4 e5 3. d5 f5 4. e4 fxe4 5. Nc3 Nf6 6. Nge2 Na6 7. Ng3 Nc5 8. Bg5 a5 9. Ngxe4 Ncxe4 10. Nxe4 Be7 11. Bxf6 Bxf6 12. Bd3 Be7 13. O-O O-O 14. Rc1 Bf5 15. Qe2 b6 16. Ng3 Bd7 17. Qh5 h6 18. Qg6 Bf6 19. f4 e4 20. Bxe4 Bd4+ 21. Kh1 Qf6 22. Qh7+ Kf7 23. Nh5 Qh4 24. Bg6+ Ke7 25. Nxg7 Kd8 26. Nf5 Bxf5 27. Bxf5 Qe7 28. Qg6 Qf6 29. Qxf6+ Rxf6 30. Be6 Bxb2 31. Rce1 a4 32. g4 Bc3 33. Re3 Bd2 34. Re2 Rxf4 35. Rxf4 Bxf4 36. Rf2 a3 37. Rxf4 Ra4 38. h4 Rb4 39. Kg2 b5 40. Rf2 Rxc4 41. g5 Rxh4 42. g6 Rh5 43. Rf3 Rg5+ 44. Rg3 Rxg6 45. Rxg6 b4 46. Rg3 Ke7 47. Rb3 c5 48. dxc6 Kxe6 49. Rxb4 d5 50. Rh4 Kd6 51. Rxh6+ Kc7 52. Kf2 d4 53. Ke2 d3+ 54. Kxd3 Kb6 55. Kc4 Kc7 56. Kc5 Kb8 57. Rh7 Kc8 58. Kd6 Kb8 59. c7+ Kb7 60. Rh8 Ka7 61. c8=Q Kb6 62. Qc6+ Ka5 63. Ra8+ Kb4 64. Qc5# 1-0


[Site "https://www.chess.com"]

[Event "Titled Tuesday Blitz January 17 Late 2023"]
[White "Iliaguev, Nisim"]
[Black "Figorito, Nick"]
[WhiteFideId "2817276"]
[BlackFideId "30923689"]
[WhiteElo "2402"]
[BlackElo "2036"]
[Result "1-0"]
[Round "02"]
[TimeControl "180+2"]
[Date "2023.01.17"]
[WhiteClock "0:01:25"]
[BlackClock "0:00:07"]

1. d4 Nf6 2. Nf3 g6 3. g3 Bg7 4. Bg2 O-O 5. O-O d5 6. c4 dxc4 7. Ne5 Nc6 8. Nxc6 bxc6 9. Na3 Be6 10. e3 Bd5 11. Qa4 Bxg2 12. Kxg2 c5 13. dxc5 Qd5+ 14. Kg1 Qxc5 15. Qxc4 Qxc4 16. Nxc4 Rfd8 17. Bd2 Ne4 18. Ba5 Rd7 19. Rac1 Rad8 20. b3 h5 21. h4 f5 22. Rc2 Kf7 23. Na3 Be5 24. Nc4 Bf6 25. Kg2 Ke6 26. Rfc1 Rc8 27. Na3 Be5 28. Nb5 c5 29. Nc3 Nxc3 30. Bxc3 Bxc3 31. Rxc3 Rd2 32. a4 Rb2 33. Rxc5 Rxc5 34. Rxc5 Rxb3 35. Rc7 Ra3 36. Rxa7 Kf7 37. Kf3 Ra2 38. a5 Kf6 39. a6 Kf7 40. Ra8 Kg7 41. a7 Kf7 42. e4 fxe4+ 43. Kxe4 Ra4+ 44. Kf3 Ra3+ 45. Kf4 Ra4+ 46. Ke5 Ra5+ 47. Kd4 Ra4+ 48. Kc5 Ra1 49. f3 Rc1+ 50. Kd4 Ra1 51. g4 Kg7 52. Ke5 Re1+ 53. Kf4 Ra1 54. gxh5 gxh5 55. Kf5 Ra6 56. f4 Kf7 57. Kg5 Ra5+ 58. Kh6 Ke6 59. Kg6 Kd7 60. f5 Kc7 61. Re8 Rxa7 62. Rxe7+ Kb6 63. Rxa7 Kxa7 64. f6 Kb6 65. f7 Kc6 66. f8=Q Kd7 1-0


[Site "https://www.chess.com"]

[Event "Titled Tuesday Blitz January 17 Late 2023"]
[White "Melikhov, Evgeny V."]
[Black "Manukyan, Sargis A."]
[WhiteFideId "4122046"]
[BlackFideId "13303970"]
[WhiteElo "2269"]
[BlackElo "2158"]
[Result "0-1"]
[Round "02"]
[TimeControl "180+2"]
[Date "2023.01.17"]
[WhiteClock "0:00:05"]
[BlackClock "0:00:38"]

1. d4 d5 2. c4 e6 3. Nc3 Nf6 4. cxd5 exd5 5. Bg5 c6 6. Qc2 Nbd7 7. e3 Be7 8. Bd3 O-O 9. Nf3 Re8 10. O-O Nf8 11. h3 Ne4 12. Bxe4 Bxg5 13. Bd3 Be7 14. Rab1 a5 15. a3 Bd6 16. b4 axb4 17. axb4 g6 18. b5 Ne6 19. Na4 Ng5 20. Nxg5 Qxg5 21. Nb6 Bxh3 22. f4 Qh4 23. Nxa8 Rxe3 24. Rb3 Bxf4 25. Rxf4 Qxf4 26. Bf1 Bf5 27. Qb2 Rxb3 28. Qxb3 Qxd4+ 29. Kh1 Qa1 30. Kg1 Qxa8 31. b6 Qa5 32. Qb2 Qc5+ 33. Kh2 d4 34. Be2 h5 35. Bf3 d3 36. Qd2 Qxb6 37. Qg5 Qc7+ 38. Kg1 c5 39. Qf6 c4 40. Bd5 d2 0-1


[Site "https://www.chess.com"]

[Event "Titled Tuesday Blitz January 17 Late 2023"]
[White "Alex_Sahakyan2006"]
[Black "Vasques, Antonio Pedro Freixial"]
[BlackFideId "1908332"]
[WhiteElo "2674"]
[BlackElo "2214"]
[Result "0-1"]
[Round "02"]
[TimeControl "180+2"]
[Date "2023.01.17"]
[WhiteClock "0:00:08"]
[BlackClock "0:00:19"]

1. e4 c5 2. Nc3 Nc6 3. Bb5 Nd4 4. Nf3 e6 5. O-O a6 6. Bd3 Ne7 7. Nxd4 cxd4 8. Ne2 Nc6 9. c3 dxc3 10. dxc3 Bc5 11. Nf4 O-O 12. Nh5 Ne5 13. Bc2 b5 14. Kh1 Qh4 15. Bf4 Ng4 16. h3 Nxf2+ 17. Rxf2 Bxf2 18. Bd6 Bb7 19. Qf3 f5 20. Bxf8 Rxf8 21. Qd1 fxe4 22. Qxd7 Qxh5 23. Qxb7 e3 24. Qe4 Qf5 25. Qxf5 exf5 26. Bb3+ Kh8 27. Bd5 Rd8 28. Bf3 Rd2 29. g4 f4 30. Kg2 Bg3+ 31. Kg1 Rxb2 32. Rd1 g6 33. Rd7 h6 34. h4 e2 35. Bxe2 Rxe2 36. h5 gxh5 37. gxh5 Rxa2 38. Rd6 Kg7 39. Rg6+ Kh7 40. c4 bxc4 41. Rc6 f3 42. Rxa6 Rxa6 0-1


[Site "https://www.chess.com"]

[Event "Titled Tuesday Blitz January 17 Late 2023"]
[White "Vifleemskaia, Svetlana"]
[Black "Bjelobrk, Igor"]
[WhiteFideId "4129490"]
[BlackFideId "4300726"]
[WhiteElo "1971"]
[BlackElo "2403"]
[Result "1/2-1/2"]
[Round "02"]
[TimeControl "180+2"]
[Date "2023.01.17"]
[WhiteClock "0:00:04"]
[BlackClock "0:00:12"]

1. d4 d5 2. c3 Nf6 3. Nf3 e6 4. g3 b5 5. Bg2 Bb7 6. O-O c5 7. a4 b4 8. cxb4 cxb4 9. a5 Na6 10. Nbd2 Be7 11. b3 O-O 12. Bb2 Nc7 13. Ne5 a6 14. Ndc4 Nb5 15. Nb6 Ra7 16. Rc1 Bd6 17. Qd2 Ba8 18. Nc6 Bxc6 19. Rxc6 Rc7 20. Rfc1 Rxc6 21. Rxc6 Nd7 22. Nxd7 Qxd7 23. Rxa6 Rc8 24. h3 Nc3 25. Rb6 Bf8 26. Qd3 Qa7 27. Ra6 Qc7 28. Bf3 Rb8 29. Kg2 g6 30. h4 h5 31. e4 dxe4 32. Bxe4 Bg7 33. Bf3 Rd8 34. Rc6 Qxa5 35. Bxc3 bxc3 36. Qxc3 Qxc3 37. Rxc3 Bxd4 38. Rd3 e5 39. b4 f5 40. Rb3 e4 41. Be2 Rb8 42. b5 Kg7 43. Bc4 Kf6 44. Bd5 Ke5 45. Bc6 Bb6 46. Ra3 Rd8 47. Ra6 Bc5 48. Ra2 Rd3 49. Kf1 Bb6 50. Ke2 Rf3 51. Ke1 Rb3 52. Ke2 Rb4 53. Rd2 Rb3 54. Rd5+ Ke6 55. Rd2 Rb4 56. Rc2 Rb3 57. Rd2 Ke5 58. Rd5+ Ke6 59. Rd2 1/2-1/2


[Site "https://www.chess.com"]

[Event "Titled Tuesday Blitz January 17 Late 2023"]
[White "Injac, Teodora"]
[Black "Degtiarev, Evgeny"]
[WhiteFideId "932400"]
[BlackFideId "4149610"]
[WhiteElo "2391"]
[BlackElo "2385"]
[Result "1-0"]
[Round "02"]
[TimeControl "180+2"]
[Date "2023.01.17"]
[WhiteClock "0:00:12"]
[BlackClock "0:00:03"]

1. d4 d5 2. c4 c6 3. Nf3 Nf6 4. Nbd2 a6 5. e3 b5 6. b3 Bg4 7. h3 Bh5 8. g4 Bg6 9. Ne5 e6 10. Bg2 Bd6 11. Nxg6 hxg6 12. a4 Nbd7 13. g5 Ng8 14. Qg4 Ne7 15. h4 Nf5 16. h5 Bb4 17. hxg6 Rxh1+ 18. Bxh1 fxg6 19. Ke2 Kf7 20. Bb2 bxc4 21. bxc4 Rb8 22. Ra2 Qa5 23. Nb3 Qc7 24. e4 dxe4 25. Qxe4 Bd6 26. Nd2 Bf4 27. Nf3 Rb4 28. Qd3 a5 29. Ne1 Bxg5 30. Nc2 Rb8 31. d5 cxd5 32. cxd5 Re8 33. Kf1 e5 34. d6 Qc5 35. Bd5+ Kf8 36. Ba3 1-0


[Site "https://www.chess.com"]

[Event "Titled Tuesday Blitz January 17 Late 2023"]
[White "Pace, Christopher"]
[Black "Skvortsov, Andrei"]
[WhiteFideId "2610167"]
[BlackFideId "24108600"]
[WhiteElo "2053"]
[BlackElo "2313"]
[Result "0-1"]
[Round "02"]
[TimeControl "180+2"]
[Date "2023.01.17"]
[WhiteClock "0:00:01"]
[BlackClock "0:00:46"]

1. d4 Nf6 2. c4 g6 3. Nf3 c5 4. d5 b5 5. a4 b4 6. b3 d6 7. Bb2 Bg7 8. Nbd2 O-O 9. e4 e6 10. Bd3 exd5 11. cxd5 Re8 12. O-O Nh5 13. Bxg7 Kxg7 14. Nc4 Nf4 15. Re1 Bg4 16. h3 Bh5 17. Bf1 Bxf3 18. Qxf3 Qf6 19. Kh2 Nd7 20. g3 Nxd5 21. Qxf6+ N5xf6 22. Nxd6 Re6 23. Rad1 Ne5 24. Kg2 Nc6 25. Bc4 Re7 26. f4 Na5 27. e5 Ne8 28. f5 f6 29. exf6+ Kxf6 30. Ne4+ Kxf5 31. Rd5+ Re5 0-1


[Site "https://www.chess.com"]

[Event "Titled Tuesday Blitz January 17 Late 2023"]
[White "Balague Camps, Marc"]
[Black "Domingo Nunez, Ruben"]
[WhiteFideId "2297914"]
[BlackFideId "22245570"]
[WhiteElo "2190"]
[BlackElo "2416"]
[Result "0-1"]
[Round "02"]
[TimeControl "180+2"]
[Date "2023.01.17"]
[WhiteClock "0:00:44"]
[BlackClock "0:00:08"]

1. d4 g6 2. c4 Bg7 3. Nc3 d6 4. Nf3 Nd7 5. e4 e5 6. Be3 Ngf6 7. h3 O-O 8. Be2 exd4 9. Nxd4 Re8 10. Qc2 Nc5 11. Bf3 Nfxe4 12. Nxe4 Nxe4 13. Bxe4 Qe7 14. O-O Qxe4 15. Qxe4 Rxe4 16. Nb5 Re7 17. Nxa7 Bf5 18. Nb5 Bxb2 19. Rad1 Bf6 20. c5 dxc5 21. Bxc5 Re5 22. Nxc7 Rxa2 23. Bd4 Rc2 24. Bxe5 Bxe5 25. Rd8+ Kg7 26. Ne8+ Kh6 27. Nd6 Be6 28. Nxb7 Rb2 29. Nc5 Bf5 30. Nd3 Bf6 31. Nxb2 Bxd8 32. Nc4 Bf6 33. Ne3 Be6 34. Rd1 Kg7 35. Nd5 Be5 36. Ne3 Bf6 37. Ng4 Bg5 38. Kh2 Bf4+ 39. g3 Bg5 40. f4 Be7 41. Re1 Bb4 42. Re4 Bf8 43. Ne3 Bc5 44. f5 gxf5 45. Re5 Bf8 46. Ra5 Kf6 47. Nd5+ Kg7 48. Nf4 Bd7 49. h4 Bb4 50. Ra7 Bc8 51. h5 h6 52. Ra8 Bd7 53. Rd8 Bc6 54. Rc8 Bf3 55. Rc4 Bd6 56. Kh3 Bg4+ 57. Kg2 Kf6 58. Rc6 Ke7 59. Nd5+ Kd7 60. Ra6 Be2 61. Nf6+ Ke7 62. Ng8+ Kd7 63. Nxh6 Bxa6 64. Nxf5 Be5 65. Kf3 Ke6 66. g4 Kf6 67. h6 Bb7+ 68. Ke3 Kg5 69. h7 Kg6 70. Ne7+ Kxh7 71. Kd3 Kg7 72. Ke3 Kf6 73. Nf5 Bc8 74. Nh6 Kg6 75. g5 Bg7 76. Ng8 Kxg5 77. Ne7 Be6 78. Ke4 Kf6 79. Nc6 Bf8 80. Ne5 Bd6 81. Nd3 Bf5+ 82. Ke3 Bxd3 83. Kxd3 Ke5 84. Ke3 f5 85. Kf3 Bc5 86. Ke2 Ke4 87. Kf1 f4 88. Ke2 f3+ 89. Kf1 Ke3 90. Kg1 Ke2+ 91. Kh2 f2 0-1


[Site "https://www.chess.com"]

[Event "Titled Tuesday Blitz January 17 Late 2023"]
[White "Ward, Ieuan C"]
[Black "Msellek, Ilyass"]
[WhiteFideId "406627"]
[BlackFideId "675938"]
[WhiteElo "2028"]
[BlackElo "2420"]
[Result "0-1"]
[Round "02"]
[TimeControl "180+2"]
[Date "2023.01.17"]
[WhiteClock "0:01:51"]
[BlackClock "0:02:00"]

1. d4 d5 2. c4 c6 3. Nf3 Nf6 4. Nc3 Bf5 5. e3 e6 6. Be2 Nbd7 7. O-O Bd6 8. h3 h6 9. b3 g5 10. Bd3 g4 11. Bxf5 gxf3 12. Bg4 fxg2 13. Kxg2 Rg8 14. Kf3 h5 15. Rg1 hxg4+ 16. hxg4 Ne4 17. Nxe4 dxe4+ 18. Kxe4 Qh4 19. f3 Qh7# 0-1


[Site "https://www.chess.com"]

[Event "Titled Tuesday Blitz January 17 Late 2023"]
[White "Di Berardino, Diego Rafael"]
[Black "Panda, Vedic"]
[WhiteFideId "2105446"]
[BlackFideId "30903416"]
[WhiteElo "2479"]
[BlackElo "2024"]
[Result "1-0"]
[Round "02"]
[TimeControl "180+2"]
[Date "2023.01.17"]
[WhiteClock "0:00:16"]
[BlackClock "0:00:06"]

1. e4 c6 2. d4 d5 3. exd5 cxd5 4. c4 Nc6 5. Nc3 Nf6 6. Bg5 Be6 7. Be2 g6 8. Bf3 Bf5 9. cxd5 Nb8 10. Nge2 Bg7 11. O-O Nbd7 12. Ng3 Nb6 13. Nxf5 gxf5 14. Qd3 Qd7 15. d6 e6 16. d5 e5 17. Rfe1 e4 18. Bxf6 Bxf6 19. Bxe4 fxe4 20. Nxe4 Kf8 21. Nxf6 Qxd6 22. Qf3 h5 23. Re4 Rh6 24. Rf4 Rc8 25. Re1 Nc4 26. Rxc4 Rxc4 27. Re8+ Kg7 28. Rg8# 1-0


[Site "https://www.chess.com"]